 Dungeon Crawl Stone Soup version 0.25.1-2-g60ff931df9 (webtiles) character file.

Game seed: 8356599172989942614

104 H0rd4k the Insei (level 4, -1/28 HPs)
             Began as an Octopode Transmuter on Aug 26, 2020.
             Slain by an orc
             ... wielding a +0 mace
              (4 damage)
             ... on level 3 of the Dungeon.
             The game lasted 00:02:10 (2996 turns).

H0rd4k the Insei (Octopode Transmuter)              Turns: 2996, Time: 00:02:11

Health: -1/28      AC:  1    Str:  9    XL:     4   Next: 80%
Magic:  6/7        EV: 13    Int: 16    God:
Gold:   161        SH:  0    Dex: 12    Spells: 2/8 levels left

rFire    . . .     SeeInvis .     - Unarmed
rCold    . . .     Gourm    .   (no shield)
rNeg     . . .     Faith    .   (helmet restricted)
rPois    .         Spirit   .   (no amulet)
rElec    .         Reflect  .   (no ring)
rCorr    .         Harm     .   (no ring)
MR       .....                  (no ring)
Stlth    +++.......             (no ring)
HPRegen  0.09/turn              (no ring)
MPRegen  0.10/turn              (no ring)
                                (no ring)
                                (no ring)

@: appendage
A: almost no armour, stealthy swim, amphibious, 8 rings, constrict 8, tentacle
spike 3, camouflage 1, gelatinous body 1
a: End Transformation


You were on level 3 of the Dungeon.
You were not hungry.
One of your tentacles had a temporary spike.
You visited 1 branch of the dungeon, and saw 3 of its levels.

You collected 161 gold pieces.

Inventory:

Missiles
 a - 90 arrows
 m - 9 poisoned darts (quivered)
Scrolls
 d - a scroll of identify {unknown}
 e - a scroll of fog {unknown}
 f - a scroll of remove curse {unknown}
 g - a scroll of random uselessness {unknown}
 h - a scroll of blinking {unknown}
 i - 2 scrolls of magic mapping {unknown}
 j - a scroll of teleportation {unknown}
 l - 3 scrolls of fear {unknown}
 n - a scroll of enchant armour {unknown}
Potions
 b - a potion of brilliance {unknown}
 k - a potion of ambrosia {unknown}
Comestibles
 c - 3 rations
 o - a chunk of flesh


   Skills:
 + Level 1.1 Fighting
 + Level 2.5 Dodging
 + Level 2.1 Stealth
 + Level 3.9 Unarmed Combat
 * Level 2.5 Spellcasting
 * Level 2.6 Transmutations


You had 2 spell levels left.
You knew the following spells:

 Your Spells              Type           Power        Failure   Level  Hunger
a - Beastly Appendage     Tmut           ##....       7%          1    #......
b - Sticks to Snakes      Tmut           ##......     10%         2    ##.....
c - Spider Form           Tmut/Pois      #.........   34%         3    ###....

Your spell library contained the following spells:

 Spells                   Type           Power        Failure   Level  Hunger
 Ice Form                 Ice/Tmut       #.......     75%         4    #####..
 Blade Hands              Tmut           ##........   88%         5    ######.


Dungeon Overview and Level Annotations

Branches:
Dungeon (3/15)

Altars:
Dithmenos
Kikubaaqudgha
Uskayaw
Wu Jian


Innate Abilities, Weirdness & Mutations

You cannot wear most types of armour.
You are very stealthy in the water. (Stealth+)
You are amphibious.
You can wear up to eight rings at the same time.
You can use your tentacles to constrict eight enemies at once.
Your skin changes colour to match your surroundings (Stealth+).
Your rubbery body absorbs attacks. (AC +1, EV +1)
One of your tentacles bears a large vicious spike.


Message History

You constrict the orc priest, but do no damage.
The orc priest hits you with a +0 war axe.
You barely miss the orc priest.
You pierce the orc priest.
You tentacle-slap the orc priest.
The orc priest is moderately wounded.
You constrict the orc priest. You tentacle-slap the orc priest.
You pierce the orc priest, but do no damage.
You squeeze the orc priest.
The orc priest is almost dead.
You constrict the orc priest, but do no damage.
The orc priest misses you. The orc hits you with a +0 mace!
* * * LOW HITPOINT WARNING * * *
You tentacle-slap the orc priest but do no damage.
The orc priest is almost dead.
You constrict the orc priest.
You kill the orc priest!
Your Stealth skill increases to level 2!
The orc hits you with a +0 mace.
You die...

### ### # #..
..##.. ###.##..$.
....o..# #.#oo.#
# # ##
###.@o..#### .#.
.. #..........#
#.# #
#.###..###.# #.#
# #.# #.!# #.#
#.# # #.#
#..###.####.#####
#.#
#................
#.#
#...........#####
#.# ######.######
#.# #.#


You could see 4 orcs.

Vanquished Creatures
  An orc priest (D:3)
  3 adders
  A dart slug (D:1)
  6 leopard geckos
  4 bats (D:1)
  2 giant cockroaches (D:2)
  2 goblins (D:1)
  6 hobgoblins
  2 jackals (D:1)
  A quokka (D:2)
  5 frilled lizards (D:1)
  2 kobolds (D:1)
  4 rats
39 creatures vanquished.

Notes
Turn   | Place    | Note
-------+----------+-------------------------------------------
     0 | D:1      | H0rd4k the Octopode Transmuter began the quest for the Orb.
     0 | D:1      | Reached XP level 1. HP: 13/13 MP: 3/3
   105 | D:1      | Reached XP level 2. HP: 18/18 MP: 5/5
   915 | D:1      | Reached XP level 3. HP: 23/23 MP: 6/6
  1465 | D:1      | You fall into a shaft and drop 1 floor!
  1866 | D:2      | Found an ornate altar of the Wu Jian Council.
  2116 | D:1      | Learned a level 2 spell: Sticks to Snakes
  2120 | D:1      | Learned a level 3 spell: Spider Form
  2134 | D:2      | Reached skill level 1 in Stealth
  2420 | D:2      | Reached XP level 4. HP: 19/28 MP: 5/7
  2664 | D:2      | Found an ancient bone altar of Kikubaaqudgha.
  2667 | D:2      | Found a hide-covered altar of Uskayaw.
  2670 | D:2      | Found a shadowy altar of Dithmenos.
  2996 | D:3      | Slain by an orc

Illustrated notes

Levels and vault maps discovered:
D:1:      heliophobic_arrival_battle_scene, layout_basic
D:2:      layout_rooms, overflow_temple_1_default,
          grunt_temple_overflow_diamond, first_ration, minmay_strange_pillars
D:3:      minmay_bubble_buster, layout_loops_ring, minmay_misc_feat_diagonals

Skill      XL: |  1  2  3  4 |
---------------+-------------+-----
Stealth        | 1 2 |  2.1
Fighting       | |  1.1
Dodging        | |  2.5
Unarmed Combat | |  3.9
Spellcasting   | |  2.5
Transmutations | |  2.6

Action                   |  1- 3 |  4- 6 || total
-------------------------+-------+-------++-------
Melee: Unarmed           |    99 |    11 ||   110
       Constrict         |    22 |     3 ||    25
       Tentacles         |    12 |     3 ||    15
       Kick              |     1 |     5 ||     6
       Punch             |       |     1 ||     1
 Cast: Beastly Appendage |     2 |     2 ||     4
 Stab: Sleeping          |     7 |     1 ||     8
  Eat: Chunk             |     5 |     1 ||     6
Armor: Skin              |    12 |       ||    12
Dodge: Dodged            |    74 |     6 ||    80
